3AAA
ATHLETIC CLUB KC RESERVES @ INDIANAPOLIS RACERS
09/13/2038
 
TOP OF THE 1ST
Athletic Club KC Reserves batting - Pitching for Indianapolis Racers : RHP Jay Cannon
Pitching: RHP Jay Cannon
Batting: LHB Onye Mahusay 0-0: Ball
1-0: Ball
2-0: Foul Ball, location: 2F
2-1: Called Strike
2-2: Ball
3-2: Fly out, F8 (Flyball, 8RS, EV 85.0 MPH)
Batting: LHB Jason Ward 0-0: Ball
1-0: Foul Ball, location: 2F
1-1: Foul Ball, location: 2F
1-2: Ground out 1-3 (Groundball, 13S, EV 67.5 MPH)
Batting: LHB Scott Janousek 0-0: Ball
1-0: Ball
2-0: Foul Ball, location: 2F
2-1: Ball
3-1: Called Strike
3-2: Foul Ball, location: 2F
3-2: Foul Ball, location: 2F
3-2: Fly out, F9 (Flyball, 89S, EV 81.9 MPH)
Top of the 1st over - 0 runs, 0 hits, 0 errors, 0 left on base; Athletic Club KC 0 - Indianapolis 0
BOTTOM OF THE 1ST
Indianapolis Racers batting - Pitching for Athletic Club KC Reserves : RHP Bob Sosa
Pitching: RHP Bob Sosa
Batting: RHB Jon Huband 0-0: Called Strike
0-1: Ball
1-1: Foul Ball, location: 2F
1-2: Ground out 4-3 (Groundball, 4M, EV 105.0 MPH)
Batting: RHB Mathew Mayo 0-0: Called Strike
0-1: Swinging Strike
0-2: Foul Ball, location: 2F
0-2: Foul Ball, location: 2F
0-2: Strikes out swinging
Batting: LHB León Castillo 0-0: Swinging Strike
0-1: Ball
1-1: Foul Ball, location: 2F
1-2: Ball
2-2: Foul Ball, location: 2F
2-2: DOUBLE (Groundball, 3L, EV 107.5 MPH)
Batting: LHB Derek Healey 0-0: Ball
1-0: Ball
2-0: 2-RUN HOME RUN (Flyball, 9LD, EV 108.1 MPH), Distance : 336 ft
Batting: SHB Galtero Suárez 0-0: Ball
1-0: Ball
2-0: Ball
3-0: Called Strike
3-1: DOUBLE (Line Drive, 9D, EV 88.1 MPH)
Batting: RHB Ruby Rhod 0-0: Called Strike
0-1: Fly out, F8 (Flyball, 8RD, EV 83.8 MPH)
Bottom of the 1st over - 2 runs, 3 hits, 0 errors, 1 left on base; Athletic Club KC 0 - Indianapolis 2
TOP OF THE 2ND
Athletic Club KC Reserves batting - Pitching for Indianapolis Racers : RHP Jay Cannon
Batting: RHB Jihan Tuah 0-0: Ball
1-0: Called Strike
1-1: Hit by Pitch
Batting: RHB Andrés Medina 0-0: Foul Ball, location: 2F
0-1: Ball
1-1: Ball
2-1: Ball
3-1: Foul Ball, location: 2F
3-2: 2-RUN HOME RUN (Line Drive, 78XD, EV 98.1 MPH), Distance : 398 ft
Batting: LHB Kwang-chih Feng 0-0: Called Strike
0-1: Ball
1-1: Fly out, F7 (Flyball, 7LM, EV 93.1 MPH)
Batting: RHB Travis Murphy 0-0: Fly out, F1 (Line Drive, P, EV 77.5 MPH)
Batting: LHB Ty Tomblin 0-0: Foul Ball, location: 2F
0-1: Swinging Strike
0-2: Ball
1-2: Ball
2-2: Ground out 5-3 (Groundball, 5, EV 92.5 MPH)
Top of the 2nd over - 2 runs, 1 hit, 0 errors, 0 left on base; Athletic Club KC 2 - Indianapolis 2
BOTTOM OF THE 2ND
Indianapolis Racers batting - Pitching for Athletic Club KC Reserves : RHP Bob Sosa
Batting: RHB Jeff Fox 0-0: Ball
1-0: Ball
2-0: Called Strike
2-1: Swinging Strike
2-2: Foul Ball, location: 2F
2-2: Foul Ball, location: 2F
2-2: Ball
3-2: Strikes out looking
Batting: RHB Júlio Hernández 0-0: Ball
1-0: Ball
2-0: Ball
3-0: Base on Balls
Batting: RHB Apu Nahasapeemapetilon 0-0: Ball
1-0: Ball
2-0: Called Strike
Júlio Hernández is caught stealing 2nd base 2-4
2-1: Ball
3-1: Foul Ball, location: 2F
3-2: SOLO HOME RUN (Flyball, 7D, EV 103.1 MPH), Distance : 357 ft
Batting: RHB Jon Huband 0-0: Ground out 4-3 (Groundball, 4MD, EV 101.2 MPH)
Bottom of the 2nd over - 1 run, 1 hit, 0 errors, 0 left on base; Athletic Club KC 2 - Indianapolis 3
TOP OF THE 3RD
Athletic Club KC Reserves batting - Pitching for Indianapolis Racers : RHP Jay Cannon
Batting: RHB Jimmy Chandler 0-0: Foul Ball, location: 2F
0-1: Ball
1-1: Ball
2-1: Swinging Strike
2-2: DOUBLE (Line Drive, 8LXD, EV 101.2 MPH)
Batting: LHB Onye Mahusay 0-0: Ball
1-0: Called Strike
1-1: Ball
2-1: Ball
3-1: Called Strike
3-2: Base on Balls
Batting: LHB Jason Ward 0-0: Ball
1-0: Ball
2-0: Fly out, F8 (Line Drive, 8LM, EV 93.8 MPH)
Batting: LHB Scott Janousek 0-0: Ball
1-0: SINGLE (Line Drive, 6MD, EV 93.8 MPH)
Jimmy Chandler to third
Onye Mahusay to second
Runner from 3rd tries for Home, SAFE, no throw by CF
Batting: RHB Jihan Tuah 0-0: Foul Ball, location: 2F
0-1: Called Strike
0-2: Ball
1-2: SINGLE (Groundball, 6, EV 84.4 MPH) (infield hit)
Onye Mahusay to third
Scott Janousek to second
Batting: RHB Andrés Medina 0-0: Ball
1-0: Foul Ball, location: 2F
1-1: Swinging Strike
1-2: Ball
2-2: Foul Ball, location: 2F
2-2: Foul Ball, location: 2F
2-2: Foul Ball, location: 2F
2-2: Foul Ball, location: 2F
2-2: Fielders Choice at 2nd, 6-4 (Groundball, 6, EV 86.9 MPH)
Onye Mahusay scores
Scott Janousek to third
Batting: LHB Kwang-chih Feng 0-0: Called Strike
0-1: Ball
1-1: Called Strike
1-2: Foul Ball, location: 2F
1-2: Foul Ball, location: 2F
1-2: SINGLE (Groundball, 6, EV 86.9 MPH) (infield hit)
Scott Janousek scores
Andrés Medina to second
Batting: RHB Travis Murphy 0-0: Foul Ball, location: 2F
0-1: Ball
1-1: Ball
2-1: Fielders Choice at 2nd, 6-4 (Groundball, 6, EV 91.2 MPH)
Top of the 3rd over - 3 runs, 4 hits, 0 errors, 2 left on base; Athletic Club KC 5 - Indianapolis 3
BOTTOM OF THE 3RD
Indianapolis Racers batting - Pitching for Athletic Club KC Reserves : RHP Bob Sosa
Batting: RHB Mathew Mayo 0-0: Ball
1-0: Swinging Strike
1-1: Swinging Strike
1-2: Foul Ball, location: 2F
1-2: Ball
2-2: Foul Ball, location: 2F
2-2: Foul Ball, location: 2F
2-2: Fly out, F8 (Flyball, 78M, EV 89.4 MPH)
Batting: LHB León Castillo 0-0: Fly out, F9 (Line Drive, 9, EV 103.1 MPH)
Batting: LHB Derek Healey 0-0: Ball
1-0: Ball
2-0: Called Strike
2-1: Foul Ball, location: 2F
2-2: Foul Ball, location: 2F
2-2: Foul Ball, location: 2F
2-2: Foul Ball, location: 2F
2-2: Fly out, F4 (Flyball, 34D, EV 89.4 MPH)
Bottom of the 3rd over - 0 runs, 0 hits, 0 errors, 0 left on base; Athletic Club KC 5 - Indianapolis 3
TOP OF THE 4TH
Athletic Club KC Reserves batting - Pitching for Indianapolis Racers : RHP Jay Cannon
Batting: LHB Ty Tomblin 0-0: Called Strike
0-1: Ball
1-1: Ground out 3-1 (Groundball, 34, EV 86.2 MPH)
Batting: RHB Jimmy Chandler 0-0: Ball
1-0: Ball
2-0: Ball
3-0: Base on Balls
Batting: LHB Onye Mahusay 0-0: Ball
1-0: Called Strike
1-1: DOUBLE (Line Drive, 9LD, EV 100.6 MPH)
Jimmy Chandler to third
Batting: LHB Jason Ward 0-0: Called Strike
0-1: Swinging Strike
0-2: Ball
1-2: Strikes out looking
Batting: LHB Scott Janousek 0-0: SINGLE (Groundball, 25, EV 61.2 MPH) (infield hit)
Jimmy Chandler scores
Onye Mahusay to third
Pitching: RHP Eddo Mud
Batting: RHB Jihan Tuah 0-0: Called Strike
0-1: Foul Ball, location: 2F
0-2: Ball
1-2: Strikes out swinging
Top of the 4th over - 1 run, 2 hits, 0 errors, 2 left on base; Athletic Club KC 6 - Indianapolis 3
BOTTOM OF THE 4TH
Indianapolis Racers batting - Pitching for Athletic Club KC Reserves : RHP Bob Sosa
Batting: SHB Galtero Suárez 0-0: Ball
1-0: SINGLE (Groundball, 34D, EV 96.9 MPH)
Batting: RHB Ruby Rhod 0-0: DOUBLE (Groundball, 5L, EV 99.4 MPH)
Galtero Suárez to third
Batting: RHB Jeff Fox 0-0: Foul Ball, location: 2F
0-1: Called Strike
0-2: Foul Ball, location: 2F
0-2: Ball
1-2: Fly out, F8 (Flyball, 8RS, EV 88.8 MPH)
Batting: RHB Júlio Hernández 0-0: Ball
1-0: Ground out 4-3 (Groundball, 4M, EV 100.0 MPH)
Galtero Suárez scores
Ruby Rhod to third
Batting: RHB Apu Nahasapeemapetilon 0-0: Called Strike
0-1: Foul Ball, location: 2F
0-2: Ball
1-2: Fly out, F8 (Flyball, 8RM, EV 95.6 MPH)
Bottom of the 4th over - 1 run, 2 hits, 0 errors, 1 left on base; Athletic Club KC 6 - Indianapolis 4
TOP OF THE 5TH
Athletic Club KC Reserves batting - Pitching for Indianapolis Racers : RHP Eddo Mud
Batting: RHB Andrés Medina 0-0: Ball
1-0: Ball
2-0: Ball
3-0: Base on Balls
Batting: LHB Kwang-chih Feng 0-0: Swinging Strike
0-1: Fielders Choice at 2nd, 2-6 (Groundball, 2R, EV 68.1 MPH)
Batting: RHB Travis Murphy 0-0: Ball
1-0: Fielders Choice at 2nd, 5-4 (Groundball, 56, EV 89.4 MPH)
Batting: LHB Ty Tomblin 0-0: Ball
1-0: SINGLE (Groundball, 6D, EV 100.6 MPH)
Travis Murphy to second
Batting: RHB Jimmy Chandler 0-0: Ball
1-0: Foul Ball, location: 2F
1-1: Called Strike
1-2: Ball
2-2: Ball
3-2: Base on Balls
Travis Murphy to third
Ty Tomblin to second
Batting: LHB Onye Mahusay 0-0: Called Strike
0-1: Swinging Strike
0-2: Ball
1-2: SINGLE (Groundball, 25, EV 66.9 MPH) (infield hit)
Travis Murphy scores
Ty Tomblin to third
Jimmy Chandler to second
Batting: LHB Jason Ward 0-0: Ground out 6-3 (Groundball, 6M, EV 99.4 MPH)
Top of the 5th over - 1 run, 2 hits, 0 errors, 3 left on base; Athletic Club KC 7 - Indianapolis 4
BOTTOM OF THE 5TH
Indianapolis Racers batting - Pitching for Athletic Club KC Reserves : RHP Bob Sosa
Batting: RHB Jon Huband 0-0: Ball
1-0: Ground out 6-3 (Groundball, 6, EV 89.4 MPH)
Batting: RHB Mathew Mayo 0-0: Ball
1-0: Called Strike
1-1: Fly out, F9 (Flyball, 9LM, EV 89.4 MPH)
Batting: LHB León Castillo 0-0: Ground out 1-3 (Groundball, 23, EV 72.5 MPH)
Bottom of the 5th over - 0 runs, 0 hits, 0 errors, 0 left on base; Athletic Club KC 7 - Indianapolis 4
TOP OF THE 6TH
Athletic Club KC Reserves batting - Pitching for Indianapolis Racers : RHP Eddo Mud
Batting: LHB Scott Janousek 0-0: Ball
1-0: Foul Ball, location: 2F
1-1: Ball
2-1: Foul Ball, location: 2F
2-2: Fly out, F9 (Flyball, 9, EV 81.9 MPH)
Batting: RHB Jihan Tuah 0-0: Foul Ball, location: 2F
0-1: Ground out 4-3 (Groundball, 4M, EV 82.5 MPH)
Batting: RHB Andrés Medina 0-0: Called Strike
0-1: Ball
1-1: Ball
2-1: Called Strike
2-2: Ball
3-2: Base on Balls
Batting: LHB Kwang-chih Feng 0-0: Called Strike
0-1: Ball
1-1: Fly out, F7 (Flyball, 7S, EV 78.1 MPH)
Top of the 6th over - 0 runs, 0 hits, 0 errors, 1 left on base; Athletic Club KC 7 - Indianapolis 4
BOTTOM OF THE 6TH
Indianapolis Racers batting - Pitching for Athletic Club KC Reserves : RHP Bob Sosa
Batting: LHB Derek Healey 0-0: Foul Ball, location: 2F
0-1: Called Strike
0-2: Ball
1-2: Fly out, F8 (Flyball, 8LXD, EV 91.9 MPH)
Batting: SHB Galtero Suárez 0-0: Called Strike
0-1: Ball
1-1: Fly out, F9 (Flyball, 89M, EV 96.9 MPH)
Batting: RHB Ruby Rhod 0-0: Foul Ball, location: 2F
0-1: Fly out, F9 (Flyball, 9S, EV 85.0 MPH)
Bottom of the 6th over - 0 runs, 0 hits, 0 errors, 0 left on base; Athletic Club KC 7 - Indianapolis 4
TOP OF THE 7TH
Athletic Club KC Reserves batting - Pitching for Indianapolis Racers : RHP Eddo Mud
Batting: RHB Travis Murphy 0-0: Foul Ball, location: 2F
0-1: Ball
1-1: Swinging Strike
1-2: Strikes out swinging
Batting: LHB Ty Tomblin 0-0: Ball
1-0: Ball
2-0: Foul Ball, location: 2F
2-1: Called Strike
2-2: Foul Ball, location: 2F
2-2: Ball
3-2: Strikes out looking
Batting: RHB Jimmy Chandler 0-0: Called Strike
0-1: Swinging Strike
0-2: Strikes out looking
Top of the 7th over - 0 runs, 0 hits, 0 errors, 0 left on base; Athletic Club KC 7 - Indianapolis 4
BOTTOM OF THE 7TH
Indianapolis Racers batting - Pitching for Athletic Club KC Reserves : RHP Bob Sosa
Batting: RHB Jeff Fox 0-0: Fly out, F8 (Flyball, 78M, EV 86.9 MPH)
Batting: RHB Júlio Hernández 0-0: Ball
1-0: Ball
2-0: Called Strike
2-1: SINGLE (Line Drive, 9LS, EV 95.6 MPH)
Batting: RHB Apu Nahasapeemapetilon 0-0: Ball
1-0: Ball
2-0: Ball
3-0: Called Strike
3-1: Foul Ball, location: 2F
3-2: Ground out 5-3 (Groundball, 56S, EV 66.9 MPH)
Júlio Hernández to second
Batting: RHB Jon Huband 0-0: Ground out 6-3 (Groundball, 56, EV 100.6 MPH)
Bottom of the 7th over - 0 runs, 1 hit, 0 errors, 1 left on base; Athletic Club KC 7 - Indianapolis 4
TOP OF THE 8TH
Athletic Club KC Reserves batting - Pitching for Indianapolis Racers : RHP Eddo Mud
Batting: LHB Onye Mahusay 0-0: Ball
1-0: SINGLE (Groundball, 4MD, EV 100.6 MPH)
Pitching: LHP Tom Hegedus
Batting: LHB Jason Ward 0-0: Ground out 4-3 (Groundball, 4S, EV 90.0 MPH)
Onye Mahusay to second
Batting: LHB Scott Janousek 0-0: Foul Ball, location: 2F
0-1: Ball
1-1: Foul Ball, location: 2F
1-2: Foul Ball, location: 2F
1-2: Ball
2-2: Foul Ball, location: 2F
2-2: Strikes out swinging
Batting: RHB Jihan Tuah 0-0: Ball
1-0: Ball
2-0: Ball
3-0: Base on Balls
Batting: RHB Andrés Medina 0-0: Ball
1-0: Ball
2-0: Called Strike
2-1: Foul Ball, location: 2F
2-2: Foul Ball, location: 2F
2-2: DOUBLE (Flyball, 8LXD, EV 94.4 MPH)
Onye Mahusay scores
Jihan Tuah to third
Batting: LHB Kwang-chih Feng 0-0: Ground out 4-3 (Groundball, 34D, EV 85.6 MPH)
Top of the 8th over - 1 run, 2 hits, 0 errors, 2 left on base; Athletic Club KC 8 - Indianapolis 4
BOTTOM OF THE 8TH
Indianapolis Racers batting - Pitching for Athletic Club KC Reserves : RHP Bob Sosa
Batting: RHB Mathew Mayo 0-0: Foul Ball, location: 2F
0-1: Ball
1-1: Ground out 6-3 (Groundball, 4M, EV 93.1 MPH)
Batting: LHB León Castillo 0-0: Foul Ball, location: 2F
0-1: Ball
1-1: Swinging Strike
1-2: Strikes out swinging
Batting: LHB Derek Healey 0-0: Swinging Strike
0-1: Called Strike
0-2: Foul Ball, location: 2F
0-2: Foul Ball, location: 2F
0-2: Strikes out swinging
Bottom of the 8th over - 0 runs, 0 hits, 0 errors, 0 left on base; Athletic Club KC 8 - Indianapolis 4
TOP OF THE 9TH
Athletic Club KC Reserves batting - Pitching for Indianapolis Racers : LHP Tom Hegedus
Pitching: RHP Mark Erwin
Batting: RHB Travis Murphy 0-0: Ball
1-0: Fly out, F4 (Popup, 4, EV 65.6 MPH)
Batting: LHB Ty Tomblin 0-0: Swinging Strike
0-1: Ball
1-1: Ball
2-1: Swinging Strike
2-2: Ball
3-2: Strikes out swinging
Batting: RHB Jimmy Chandler 0-0: SINGLE (Groundball, 6, EV 98.1 MPH) (infield hit)
Batting: LHB Onye Mahusay 0-0: Ball
1-0: Fielders Choice at 2nd, U4 (Groundball, 4M, EV 80.0 MPH)
Top of the 9th over - 0 runs, 1 hit, 0 errors, 1 left on base; Athletic Club KC 8 - Indianapolis 4
BOTTOM OF THE 9TH
Indianapolis Racers batting - Pitching for Athletic Club KC Reserves : RHP Bob Sosa
Pitching: LHP Indigo Diaz
Batting: SHB Galtero Suárez 0-0: Ball
1-0: Ball
2-0: Fly out, F9 (Flyball, 9D, EV 95.0 MPH)
Batting: RHB Ruby Rhod 0-0: Ball
1-0: Ball
2-0: Fly out, F7 (Flyball, 78XD, EV 103.8 MPH)
Batting: RHB Jeff Fox 0-0: Ball
1-0: Ground out 4-3 (Groundball, 4S, EV 85.6 MPH)
Bottom of the 9th over - 0 runs, 0 hits, 0 errors, 0 left on base; Athletic Club KC 8 - Indianapolis 4
Friday, April 17th, 2020 - OOTP Baseball 20.8 Build 74